 Dungeon Crawl Stone Soup version 0.22-a0-571-g4a923d4b9e (webtiles) character file.

356759 Faustar the Warrior (level 21, -13/203 HPs)
             Began as a Hill Orc Monk on July 1, 2018.
             Was the Champion of Beogh.
             Killed from afar by a moon troll (41 damage)
             ... with a bolt of acid
             ... in a wizard's laboratory.
             The game lasted 03:20:41 (55242 turns).

Faustar the Warrior (Hill Orc Monk)                Turns: 55242, Time: 03:20:41

Health: -13/203    AC: 29    Str: 29      XL:     21   Next: 97%
Magic:  35/35      EV: 20    Int:  7 (10) God:    Beogh [******]
Gold:   2583       SH: 17    Dex: 25      Spells: 20/20 levels left

rFire    . . .     SeeInvis +   K - +7 war axe (freeze)
rCold    . . .     Gourm    .   i - +0 shield
rNeg     + . .     Faith    .   X - +2 plate armour {rN+}
rPois    .         Spirit   .   S - +0 hat of Prudence {MR+}
rElec    .         Reflect  .   M - +1 cloak
rCorr    .         Harm     .   e - +1 pair of gloves {Dex+3}
MR       +++..                  x - +2 pair of boots
Stlth    ..........             H - amulet of regeneration
HPRegen  0.83/turn              d - ring of protection from magic
MPRegen  0.24/turn              P - ring "Perow" {Dex+4 SInv}

@: mighty, agile
A: walk on water
}: 3/15 runes: decaying, abyssal, gossamer
a: Smiting, Recall Orcish Followers, Give Item to Named Follower, Resurrection,
Renounce Religion


You were in a wizard's laboratory.
You worshipped Beogh.
Beogh was exalted by your worship.
You were not hungry.

You visited 8 branches of the dungeon, and saw 37 of its levels.
You visited the Abyss 1 time.
You also visited: Labyrinth, Ossuary, Ice Cave and Wizlab.

You collected 4172 gold pieces.
You spent 1589 gold pieces at shops.

Inventory:

Hand Weapons
 K - a +7 war axe of freezing (weapon)
Armour
 e - a +1 pair of gloves of dexterity (worn)
 i - a +0 shield (worn)
 x - a +2 pair of boots (worn)
 M - a +1 cloak (worn)
 S - the +0 hat of Prudence (worn) {MR+}
   (You bought it in a shop on level 2 of the Orcish Mines)

   It affects your resistance to hostile enchantments.
 X - a +2 plate armour of positive energy (worn)
Jewellery
 b - an uncursed ring of protection from fire
 d - a ring of protection from magic (left hand)
 n - a +5 ring of strength
 H - an amulet of regeneration (around neck)
 P - the ring "Perow" (right hand) {Dex+4 SInv}
   (You found it in an ice cave)

   [ring of see invisible]

   It affects your dexterity (+4).
   It lets you see invisible.
 V - the ring "Ecooco" {rC+ Int+3}
   (You found it on level 5 of the Lair of Beasts)

   [ring of protection from cold]

   It affects your intelligence (+3).
   It protects you from cold.
 W - the amulet "Yferoz" {Inacc rPois rN+ Int+5}
   (You found it on level 12 of the Dungeon)

   [amulet of inaccuracy]

   It reduces the accuracy of all your attacks.
   It affects your intelligence (+5).
   It protects you from poison.
   It protects you from negative energy.
Wands
 k - a wand of enslavement (19)
 r - a wand of paralysis (12)
 E - a wand of polymorph (17)
 F - a wand of iceblast (27)
 J - a wand of disintegration (4)
 L - a wand of flame (32)
 O - a wand of clouds (2)
 T - a wand of digging (45)
Scrolls
 f - 11 scrolls of teleportation
 h - 2 scrolls of blinking
 j - 6 scrolls of fear
 m - 17 scrolls of remove curse
 o - 5 scrolls of fog
 s - a scroll of summoning
 u - 2 scrolls of enchant armour
 y - 4 scrolls of magic mapping
 C - 3 scrolls of enchant weapon
 D - 2 scrolls of identify
 N - a scroll of brand weapon
 Q - a scroll of silence
 Z - a scroll of holy word
Potions
 a - a potion of cancellation
 g - 2 potions of haste
 l - 4 potions of invisibility
 p - 3 potions of ambrosia
 q - 6 potions of agility
 t - 8 potions of curing
 w - 2 potions of might
 A - 8 potions of brilliance
 B - 6 potions of heal wounds
 G - 8 potions of flight
 U - a potion of resistance
Comestibles
 c - 51 rations


   Skills:
 + Level 20.9 Fighting
 - Level 17.8 Axes
 - Level 18.0 Armour
 * Level 7.3 Dodging
 - Level 1.5 Stealth
 - Level 17.0 Shields
 + Level 20.3 Invocations


You had 20 spell levels left.
You didn't know any spells.
Your spell library contained the following spells:

 Spells                   Type           Power        Failure   Level  Hunger
 Magic Dart               Conj           #...         92%         1    ##.....
 Fireball                 Conj/Fire      #.........   100%        5    ######.
 Bolt of Fire             Conj/Fire      #.........   100%        6    #######
 Bolt of Cold             Conj/Ice       #.........   100%        6    #######
 Lightning Bolt           Conj/Air       #.........   100%        5    ######.
 Confuse                  Hex            #.......     100%        3    ####...
 Invisibility             Hex            #.......     100%        6    #######
 Throw Frost              Conj/Ice       #.....       98%         2    ###....
 Freezing Cloud           Conj/Ice/Air   #.........   100%        6    #######
 Mephitic Cloud           Conj/Pois/Air  #.......     100%        3    ####...
 Venom Bolt               Conj/Pois      #.........   100%        5    ######.
 Iskenderun's Mystic Bla  Conj           #.......     100%        4    #####..
 Animate Dead             Necr           N/A          100%        4    #####..
 Ozocubu's Refrigeration  Ice            #.........   100%        6    #######
 Regeneration             Chrm/Necr      #.........   100%        3    ####...
 Sting                    Conj/Pois      #...         92%         1    ##.....
 Summon Demon             Summ           #.........   100%        5    ######.
 Corpse Rot               Necr           N/A          98%         2    ###....
 Iron Shot                Conj/Erth      #.........   100%        6    #######
 Stone Arrow              Conj/Erth      #.....       100%        3    ####...
 Swiftness                Chrm/Air       #.......     98%         2    ###....
 Recall                   Summ/Tloc      N/A          100%        3    ####...
 Blade Hands              Tmut           #.........   100%        5    ######.
 Ice Form                 Ice/Tmut       #.......     100%        4    #####..
 Death Channel            Necr           #.........   100%        6    #######
 Deflect Missiles         Chrm/Air       #.........   100%        6    #######
 Shadow Creatures         Summ           N/A          100%        6    #######
 Confusing Touch          Hex            #.....       92%         1    ##.....
 Passwall                 Tmut/Erth      #.......     98%         2    ###....
 Metabolic Englaciation   Hex/Ice        #.........   100%        5    ######.
 Silence                  Hex/Air        #.........   100%        5    ######.
 Shatter                  Erth           #.........   100%        9    #######
 Static Discharge         Conj/Air       #.......     100%        3    ####...
 Lee's Rapid Deconstruct  Erth           #.........   100%        5    ######.
 Simulacrum               Ice/Necr       #.........   100%        6    #######
 Conjure Ball Lightning   Conj/Air       #.........   100%        6    #######
 Excruciating Wounds      Chrm/Necr      #.........   100%        5    ######.
 Petrify                  Tmut/Erth      #.......     100%        4    #####..
 Passage of Golubria      Tloc           N/A          100%        4    #####..
 Tornado                  Air            #.........   100%        9    #######
 Leda's Liquefaction      Hex/Erth       #.........   100%        4    #####..
 Summon Hydra             Summ           #.........   100%        7    #######
 Darkness                 Hex            #.........   100%        6    #######
 Shroud of Golubria       Chrm/Tloc      #.........   98%         2    ###....
 Aura of Abjuration       Summ           #.........   100%        5    ######.
 Fulminant Prism          Conj/Hex       #.........   100%        4    #####..
 Dazzling Spray           Conj/Hex       #.....       100%        3    ####...
 Force Lance              Conj/Tloc      #.......     100%        4    #####..
 Infusion                 Chrm           #...         92%         1    ##.....
 Song of Slaying          Chrm           #.......     98%         2    ###....
 Spectral Weapon          Hex/Chrm       #.......     100%        3    ####...
 Searing Ray              Conj           #.....       98%         2    ###....
 Summon Forest            Summ/Tloc      #.........   100%        5    ######.
 Summon Lightning Spire   Summ/Air       #.......     100%        4    #####..
 Summon Mana Viper        Hex/Summ       #.......     100%        5    ######.
 Hydra Form               Tmut           #.........   100%        6    #######
 Irradiate                Conj/Tmut      #.........   100%        5    ######.
 Gell's Gravitas          Tloc           #.........   100%        3    ####...
 Yara's Violent Unravell  Hex/Tmut       #.........   100%        5    ######.
 Poisonous Vapours        Pois/Air       #.....       98%         2    ###....
 Ignition                 Fire           #.........   100%        8    #######
 Borgnjor's Vile Clutch   Necr/Erth      #.........   100%        5    ######.


Dungeon Overview and Level Annotations

Branches:
Dungeon (15/15)            Temple (1/1) D:4            Lair (6/6) D:9
  Swamp (4/4) Lair:4       Spider (4/4) Lair:4        Slime (0/5) Lair:6
    Orc (2/2) D:11            Elf (0/3) Orc:2        Vaults (4/5) D:13
  Crypt (0/3) Vaults:2     Depths (1/5) D:15

Altars:
Ashenzari
Cheibriados
Dithmenos
Elyvilon
Fedhas
Gozag
Hepliaklqana
Kikubaaqudgha
Makhleb
Nemelex Xobeh
Okawaru
Qazlal
Ru
Sif Muna
Trog
Uskayaw
Vehumet
Wu Jian
Xom
Yredelemnul
Zin
The Shining One
Beogh
Jiyva

Shops:
D:10 [   Orc:2 [*}*   Vaults:2 :   Vaults:3 !

Portals:
Hell: Depths:1

Annotations:
D:7 3 runed doors, Kholdaimon's ghost, novice GnSk
Lair:2 exclusions: oklob plant and 1 more exclusion
Lair:6 2 runed doors


Message History

You are splashed with acid!
The acid burns!
* * * LOW HITPOINT WARNING * * *
Your orc knight hits the moon troll with a mace!
Okay, then.
Unknown command.
You barely miss the moon troll.
The moon troll is almost dead.
The moon troll gestures at you while chanting.
The bolt of acid hits you!
You are splashed with acid!
The acid burns!
* * * LOW HITPOINT WARNING * * *
You hit the moon troll but do no damage.
The moon troll is almost dead.
The moon troll closely misses you. x2; You block the moon troll's attack.
Your orc knight hits the moon troll with a mace.
You catch the helpless moon troll completely off-guard!
You hit the moon troll but do no damage.
The moon troll is almost dead.
The moon troll gestures at you while chanting.
The bolt of acid hits you!
You die...

# #..#..#...# #. # #..#..#...#
....... #. # #..#..#...# .......
#. ## ##....##..## .T..... ##. †#
#.#...#...# ....... #.. (#
##.....#...## ......# #.. (#
#....####...## .....# #### (#
##..##..#....###...###. #..# (#
#......##...@T........ ##... ##
##......##..o......... ##.... #
#..(....###.........###..... ##
##(.#(....####...####....... .##
##..........#####......##.. ..##
#..##.#.(................. ...##
##..##...)..............#†.
#...###.......####.....####.....#
##.......(#..## ##...## ##...##


You could see a moon troll and a friendly orc knight.

Vanquished Creatures
  A juggernaut (Abyss:3)
  Nikola (Swamp:3)
  Rupert (Lair:3)
  7 tentacled starspawn
  A quicksilver dragon (WizLab)
  Frances (Swamp:2)
  A thorn hunter (Swamp:3)
  2 fire giants
  Louise (Spider:3)
  3 vault wardens
  3 ghost moths (Spider:4)
  3 emperor scorpions (Spider:4)
  A cacodemon (WizLab)
  An angel (Abyss:3)
  2 war gargoyles (WizLab)
  7 very ugly things
  2 ironheart preservers
  2 ophanim (Abyss:3)
  11 stone giants
  2 deep elf demonologists
  5 starcursed masses (WizLab)
  An entropy weaver (Spider:2)
  A minotaur (Lab)
  The ghost of feta the Blocker, a journeyman FoFi of Cheibriados (Orc:1)
  2 deep elf death magi (Vaults:1)
  2 green deaths (Swamp:4)
  2 death oozes (Swamp:4)
  9 yaktaur captains
  4 great orbs of eyes
  3 fire dragons
  10 hydras
  5 ogre magi
  A hell beast (Swamp:4)
  4 vault guards
  2 ice dragons (IceCv)
  A catoblepas (D:14)
  2 centaur warriors
  2 dancing weapons (Abyss:3)
  9 two-headed ogres
  A deep troll shaman (Vaults:3)
  9 alligators
  An orc high priest (Orc:2)
  A deep troll earth mage (Vaults:3)
  5 thrashing horrors
  Nergalle (Lair:2)
  A wretched star (WizLab)
  2 deep elf knights
  A fire crab (Lair:6)
  A shadow wraith (Vaults:3)
  4 deep trolls (Vaults:3)
  A spatial maelstrom (Abyss:3)
  4 unseen horrors
  2 cherubim (Abyss:3)
  A spriggan druid (Swamp:3)
  An orange crystal statue (WizLab)
  6 swamp dragons
  8 glowing orange brains
  3 wizards
  4 orc knights
  2 deep elf archers (Vaults:2)
  9 ironbrand convokers
  3 deep elf magi
  An orc sorcerer (Orc:2)
  12 orb spiders
  11 ugly things
  A manticore (D:11)
  20 wolf spiders
  5 cyclopes
  2 salamanders (shapeshifter)
  2 worldbinders (Abyss:3)
  6 elephants
  An elephant (shapeshifter) (Vaults:3)
  4 eyes of devastation (WizLab)
  2 ice statues (IceCv)
  3 vault sentinels
  A torpor snail (shapeshifter) (D:15)
  4 molten gargoyles
  2 orange demons (Swamp:4)
  A spiny frog (shapeshifter) (D:15)
  A torpor snail (Spider:3)
  5 gargoyles
  8 black mambas
  8 spiny frogs
  An efreet (D:15)
  25 yaktaurs
  A komodo dragon (shapeshifter) (D:15)
  11 komodo dragons
  6 rime drakes
  5 freezing wraiths
  11 demonic crawlers
  2 tengu conjurers (D:14)
  An ancient zyme (Abyss:3)
  7 trolls
  18 jumping spiders
  14 hornets
  Grinder (D:6)
  A hornet (shapeshifter) (Vaults:2)
  A hippogriff (shapeshifter) (Vaults:4)
  5 tyrant leeches
  7 bog bodies
  5 blink frogs
  24 slime creatures
  6 dream sheep (Lair:4)
  A raiju (shapeshifter) (Vaults:1)
  6 hippogriffs
  3 large abominations
  42 redbacks
  A tarantella (shapeshifter) (D:15)
  24 tarantellas
  6 wraiths
  3 spriggans (Swamp:1)
  5 shadows
  2 vampires
  A human (D:13)
  11 yaks
  5 wyverns
  A basilisk (shapeshifter) (Vaults:1)
  3 basilisks
  8 vampire mosquitoes
  A neqoxec (WizLab)
  2 steam dragons (Lair:6)
  16 golden eyes
  2 hungry ghosts (Lab)
  5 wargs
  A yaktaur simulacrum (Vaults:2)
  16 swamp worms
  21 insubstantial wisps
  3 hell hounds (Lair:6)
  9 water moccasins
  A soldier ant (shapeshifter) (Vaults:3)
  An acid dragon (D:11)
  5 porcupines
  8 swamp drakes
  6 sky beasts
  9 orc warriors
  2 phantoms (D:9)
  3 black bears
  A necrophage (D:11)
  15 ice beasts
  25 ogres
  17 centaurs
  8 wolves
  4 boggarts (Vaults:1)
  3 big kobolds
  9 crocodiles
  17 bullfrogs
  A hornet simulacrum (D:14)
  A water moccasin skeleton (D:5)
  12 killer bees
  3 scorpions
  An electric eel (Spider:4)
  8 wights
  2 crimson imps
  5 lava snakes
  A quasit (D:9)
  3 jellies
  2 centaur skeletons
  5 bullfrog skeletons
  3 centaur zombies
  7 orc priests
  4 hounds
  7 worker ants
  7 orc wizards
  2 hell rats (Lair:6)
  A hound skeleton (D:11)
  A mummy (D:4)
  A worker ant zombie (D:6)
  11 adders
  7 gnolls
  4 river rats (D:10)
  A shadow imp (Abyss:3)
  2 adder skeletons
  2 worms
  A dart slug (D:1)
  3 leopard geckos
  34 orcs
  2 ball pythons
  7 giant cockroaches
  6 goblins
  7 hobgoblins
  12 jackals
  13 kobolds
  4 quokkas
  2 bats
  5 frilled lizards
  A goblin zombie (D:4)
  A quokka zombie (D:4)
  13 rats
  6 fungi
  7 plants
  6 starspawn tentacles (WizLab)
1008 creatures vanquished.

Vanquished Creatures (collateral kills)
  Frederick (Vaults:4)
  Jory (Vaults:4)
  Arachne (Spider:3)
  A large abomination (Vaults:1)
  Asterion (Spider:3)
  2 sphinxes
  Donald (Swamp:1)
  2 fire giants
  2 frost giants
  A deep elf sorcerer (Vaults:4)
  Aizul (Swamp:1)
  3 vault wardens
  4 emperor scorpions
  An orc warlord (Vaults:3)
  A ghoul (Vaults:2)
  3 very ugly things (Depths:1)
  4 stone giants
  6 ironheart preservers
  An entropy weaver (Spider:3)
  2 vampire knights (Depths:1)
  The ghost of Uwoch the Fencer, a journeyman DgFi (Orc:1)
  Josephine (Swamp:1)
  2 fire dragons (Vaults:2)
  2 yaktaur captains
  4 great orbs of eyes
  5 rakshasas
  6 vault guards
  8 hydras
  A death knight (Vaults:1)
  A centaur warrior (D:13)
  7 ogre magi
  2 alligators (Swamp:2)
  A deep troll shaman (Vaults:3)
  18 two-headed ogres
  A deep troll earth mage (Depths:1)
  2 orc high priests (Orc:2)
  A deep elf knight (Vaults:4)
  A small abomination (Vaults:1)
  A hell knight (D:12)
  7 slime creatures
  4 wizards (Vaults:2)
  2 glowing orange brains
  5 deep trolls
  A swamp dragon (Swamp:4)
  3 deep elf archers
  An unseen horror (Vaults:1)
  5 ironbrand convokers
  6 orc knights
  3 deep elf magi
  3 orb spiders (Spider:1)
  4 cyclopes
  15 wolf spiders
  A manticore (D:13)
  15 ugly things
  8 elephants
  7 vault sentinels
  3 black mambas (Lair:6)
  A molten gargoyle (Lair:6)
  A gargoyle (D:13)
  6 spiny frogs
  A torpor snail (Spider:4)
  6 komodo dragons
  14 yaktaurs
  11 demonic crawlers
  4 freezing wraiths
  18 jumping spiders
  A tengu conjurer (Depths:1)
  3 trolls
  A polar bear (Lair:6)
  5 tyrant leeches
  2 hornets
  3 hippogriffs
  A raiju (shapeshifter) (Depths:1)
  9 blink frogs
  A bog body (Swamp:4)
  A flying skull (Vaults:2)
  A dream sheep (Lair:4)
  18 redbacks
  2 spriggans (Swamp:2)
  2 shadows
  14 yaks
  10 tarantellas
  3 wraiths
  A wyvern (D:13)
  A hungry ghost (D:12)
  2 basilisks (Lair:6)
  8 vampire mosquitoes
  9 insubstantial wisps
  5 wargs
  A swamp worm (Swamp:2)
  3 acid dragons
  A porcupine (D:9)
  A water moccasin (Lair:3)
  2 hell hounds (Lair:6)
  13 orc warriors
  A swamp drake (Swamp:1)
  A black bear (shapeshifter) (Vaults:2)
  3 ice beasts
  A boggart (Vaults:1)
  12 ogres
  2 centaurs (D:15)
  3 crocodiles
  6 bullfrogs
  A wyvern skeleton (D:12)
  A scorpion (D:13)
  A killer bee (D:10)
  5 lava snakes
  A crimson imp (D:11)
  A quasit (D:11)
  A bullfrog zombie (D:11)
  14 orc priests
  2 hounds
  8 orc wizards
  A bullfrog skeleton (D:10)
  3 worker ants
  2 hell rats (Lair:6)
  An adder (D:12)
  4 river rats (D:10)
  12 orcs
  A kobold (D:10)
  5 rats (D:10)
  2 bushes
  3 crawling corpses (Vaults:1)
  5 fungi
  12 plants
498 creatures vanquished.

Vanquished Creatures (others)
  4 orc high priests
  2 orc sorcerers
  14 orc knights
  An ugly thing (Swamp:4)
  A demonic crawler (Spider:1)
  25 orc warriors
  33 orc priests
  18 orc wizards
  52 orcs
  A quokka (D:6)
  A briar patch (Swamp:3)
  7 demonic plants (WizLab)
  24 fungi
  8 plants
  15 starspawn tentacles
  2 withered plants (Orc:1)
208 creatures vanquished.

Grand Total: 1714 creatures vanquished

Notes
Turn   | Place    | Note
-------+----------+-------------------------------------------
     0 | D:1      | Faustar the Hill Orc Monk began the quest for the Orb.
     0 | D:1      | Reached XP level 1. HP: 19/19 MP: 1/1
   231 | D:1      | You fall through a shaft!
   264 | D:1      | Reached XP level 2. HP: 27/27 MP: 2/2
   750 | D:1      | Reached XP level 3. HP: 31/34 MP: 3/3
  1216 | D:2      | Found a shadowy altar of Dithmenos.
  1322 | D:2      | Reached skill level 5 in Axes
  1389 | D:2      | Found a white marble altar of Elyvilon.
  1600 | D:2      | Found an ornate altar of the Wu Jian Council.
  1989 | D:3      | Reached skill level 5 in Fighting
  1989 | D:3      | Reached XP level 4. HP: 27/42 MP: 4/4
  2189 | D:3      | Reached XP level 5. HP: 40/48 MP: 5/5
  2575 | D:3      | Found an iron altar of Okawaru.
  2857 | D:4      | Found a sand-covered staircase.
  2901 | Ossuary  | Entered an ossuary
  3298 | D:4      | Reached XP level 6. HP: 38/57 MP: 6/6
  3740 | D:4      | Found a staircase to the Ecumenical Temple.
  3787 | Temple   | Entered the Ecumenical Temple
  4031 | D:5      | Entered Level 5 of the Dungeon
  4451 | D:5      | Found a bloodstained altar of Trog.
  4826 | D:5      | Reached XP level 7. HP: 50/66 MP: 7/7
  5022 | D:6      | Found a shimmering altar of Xom.
  5023 | D:6      | Found a radiant altar of Vehumet.
  5024 | D:6      | Noticed Grinder
  5222 | D:6      | Found a blossoming altar of Fedhas.
  5228 | D:6      | Found a shattered altar of Ashenzari.
  5228 | D:6      | Found an ancient bone altar of Kikubaaqudgha.
  5287 | D:6      | Killed Grinder
  5324 | D:6      | Became a worshipper of Beogh the Brigand
  5324 | D:6      | Reached * piety under Beogh
  5324 | D:6      | Reached ** piety under Beogh
  5715 | D:5      | Reached XP level 8. HP: 24/75 MP: 8/8
  6310 | D:6      | Reached skill level 1 in Armour
  7144 | D:7      | Reached skill level 10 in Axes
  7152 | D:7      | Found a runed gate.
  7152 | D:7      | Found a runed gate.
  7152 | D:7      | Found a runed gate.
  7176 | D:7      | Noticed a hippogriff
  7205 | D:7      | Killed a hippogriff
  7234 | D:7      | Reached XP level 9. HP: 84/84 MP: 9/9
  7392 | D:7      | Reached skill level 5 in Armour
  7471 | D:7      | Noticed Kholdaimon's ghost (novice GnSk)
  8414 | D:7      | Reached skill level 10 in Fighting
  9013 | D:8      | Reached *** piety under Beogh
  9104 | D:8      | Found a stormy altar of Qazlal.
  9630 | D:9      | Reached XP level 10. HP: 90/94 MP: 10/10
 10221 | D:9      | Found a staircase to the Lair.
 10331 | D:9      | Found a glowing golden altar of the Shining One.
 10728 | D:10     | Entered Level 10 of the Dungeon
 10934 | D:10     | Reached **** piety under Beogh
 11309 | D:10     | Identified the Grimoire of Air and Transmigration
 11688 | D:10     | Found Watoe's Antique Armour Emporium.
 11694 | D:10     | Bought a pair of glowing gloves for 247 gold pieces
 11921 | D:10     | Gained Garbold as an ally
 12114 | D:11     | Reached skill level 10 in Armour
 12247 | D:11     | Noticed a brown ugly thing
 12254 | D:11     | Killed a brown ugly thing
 12254 | D:11     | Reached XP level 11. HP: 103/103 MP: 11/11
 12256 | D:11     | Noticed a manticore
 12267 | D:11     | Killed a manticore
 12286 | D:11     | Found a staircase to the Orcish Mines.
 12306 | D:11     | Killed an unseen horror
 12306 | D:11     | Reached ***** piety under Beogh
 12408 | Lair:1   | Entered Level 1 of the Lair of Beasts
 13013 | Lair:1   | Reached skill level 1 in Invocations
 13342 | Lair:2   | Noticed Nergalle
 13351 | Lair:2   | Killed Nergalle
 13498 | Lair:2   | Found a blossoming altar of Fedhas.
 13684 | Lair:2   | Gained Bolgrim as an ally
 13724 | Lair:2   | Noticed an oklob plant
 14348 | Lair:3   | Reached XP level 12. HP: 113/113 MP: 14/14
 14424 | Lair:3   | Gained Boldo as an ally
 15187 | Lair:3   | Noticed Rupert
 15187 | Lair:3   | Paralysed by Rupert for 4 turns
 15197 | Lair:3   | Killed Rupert
 15197 | Lair:3   | Reached skill level 5 in Invocations
 15484 | Lair:4   | Reached skill level 1 in Shields
 15803 | Lair:4   | Found a hole to the Spider Nest.
 16029 | Lair:4   | Found a staircase to the Swamp.
 16066 | Lair:4   | Gained Wargrak as an ally
 16390 | Lair:5   | Reached skill level 5 in Shields
 16675 | Lair:5   | Got a flickering jade ring
 16677 | Lair:5   | Identified the ring "Ecooco" {rC+ Int+3} (You found it on level 5 of the Lair of Beasts)
 16721 | Lair:5   | Noticed a four-headed hydra
 16725 | Lair:5   | Reached XP level 13. HP: 102/122 MP: 18/18
 17646 | Lair:6   | Entered Level 6 of the Lair of Beasts
 17769 | Lair:6   | Reached skill level 15 in Axes
 18011 | Lair:6   | Found a viscous altar of Jiyva.
 18011 | Lair:6   | Found a staircase to the Slime Pits.
 18067 | Lair:6   | Found a hazy altar of Hepliaklqana.
 18816 | Lair:6   | Found a large runed door.
 18816 | Lair:6   | Noticed a fire dragon
 19047 | Lair:6   | Found a large runed door.
 19883 | D:12     | Reached XP level 14. HP: 133/133 MP: 21/21
 19912 | D:12     | Reached skill level 10 in Invocations
 20017 | D:12     | Noticed a sphinx
 20020 | D:12     | Noticed a frost giant
 20037 | D:12     | Reached ****** piety under Beogh
 20102 | Orc:1    | Entered Level 1 of the Orcish Mines
 20482 | Orc:1    | Identified a scroll of acquirement
 20495 | Orc:2    | Entered Level 2 of the Orcish Mines
 20520 | Orc:1    | Found a runed gate.
 20521 | Orc:1    | Found a runed gate.
 20523 | Orc:1    | Found a runed gate.
 20536 | Orc:1    | Noticed feta's ghost (journeyman FoFi)
 20539 | Orc:1    | Noticed Uwoch's ghost (journeyman DgFi)
 20705 | Orc:1    | Killed feta's ghost
 20710 | Orc:1    | Killed Uwoch's ghost
 20761 | Orc:2    | Found a staircase to the Elven Halls.
 20882 | Orc:2    | Your ally Boldo died
 21192 | Orc:2    | Gained Brandogh as an ally
 21193 | Orc:2    | Found Ijiomyd's Gadget Emporium.
 21194 | Orc:2    | Found Julirphos's Antique Armour Shoppe.
 21195 | Orc:2    | Found Rijynaiz's Assorted Antiques.
 21210 | Orc:2    | Reached skill level 15 in Fighting
 21214 | Orc:2    | Found Kutig's General Store.
 21299 | Orc:2    | Bought a scroll of identify for 24 gold pieces
 21299 | Orc:2    | Bought a potion of ambrosia for 96 gold pieces
 21303 | Orc:2    | Bought a spiked hat for 270 gold pieces
 21303 | Orc:2    | Bought a glowing helmet for 225 gold pieces
 21313 | Orc:2    | Identified the +0 hat of Prudence {MR+} (You bought it in a shop on level 2 of the Orcish Mines)
 21845 | D:12     | Noticed a fire giant
 21859 | D:12     | Killed a fire giant
 21867 | D:12     | Killed a sphinx
 22491 | D:12     | Your ally Wargrak died
 22498 | D:12     | Killed a frost giant
 22540 | D:12     | Got a scorched iron amulet
 23060 | D:12     | Reached skill level 15 in Armour
 23133 | D:12     | Found a deep blue altar of Sif Muna.
 23682 | D:13     | Found a roughly hewn altar of Beogh.
 23864 | D:13     | Identified the amulet "Yferoz" {Inacc rPois rN+ Int+5} (You found it on level 12 of the Dungeon)
 23881 | D:13     | Found a gate to the Vaults.
 23894 | D:13     | Reached XP level 15. HP: 143/143 MP: 23/23
 24642 | Swamp:1  | Entered Level 1 of the Swamp
 24661 | Swamp:1  | Noticed Josephine
 24667 | Swamp:1  | Killed Josephine
 24669 | Swamp:1  | Your ally Brandogh died
 24673 | Swamp:1  | Gained Norbak as an ally
 25105 | Swamp:1  | Noticed Donald
 25120 | Swamp:1  | Killed Donald
 25383 | Swamp:1  | Noticed Aizul
 25395 | Swamp:1  | Killed Aizul
 25683 | Swamp:1  | Your ally Garbold died
 26173 | Swamp:1  | Gained Gorbash as an ally
 26356 | Swamp:2  | Gained Okrist as an ally
 27367 | Swamp:2  | Noticed Frances
 27377 | Swamp:2  | Killed Frances
 27766 | Swamp:3  | Noticed a thorn hunter
 27817 | Swamp:3  | Noticed Nikola
 27823 | Swamp:3  | Your ally Gorbash died
 27823 | Swamp:3  | Your ally Okrist died
 27826 | Swamp:3  | Your ally Norbak died
 28348 | Swamp:3  | Killed Nikola
 28348 | Swamp:3  | Reached skill level 10 in Shields
 28932 | Swamp:3  | Gained Oreg as an ally
 29034 | Swamp:3  | Reached XP level 16. HP: 109/152 MP: 26/26
 29046 | Swamp:3  | Killed a thorn hunter
 29439 | Swamp:4  | Entered Level 4 of the Swamp
 29945 | Swamp:4  | Gained Korbok as an ally
 32392 | Swamp:4  | Got a decaying rune of Zot
 32559 | Spider:1 | Entered Level 1 of the Spider Nest
 33891 | Spider:2 | Reached skill level 15 in Invocations
 34248 | Spider:2 | Gained Wargath as an ally
 34538 | Spider:2 | Reached XP level 17. HP: 161/163 MP: 24/28
 34758 | Spider:2 | Gained Hilgar as an ally
 35361 | Spider:3 | Noticed Louise
 35368 | Spider:3 | Cast into level 3 of the Abyss (Louise)
 35600 | Abyss:3  | Found a glowing golden altar of the Shining One.
 35639 | Abyss:3  | Noticed a tentacled starspawn
 35650 | Abyss:3  | Killed a tentacled starspawn
 35709 | Abyss:3  | Noticed a juggernaut
 35723 | Abyss:3  | Killed a juggernaut
 35727 | Abyss:3  | Got an abyssal rune of Zot
 35738 | Spider:3 | Escaped the Abyss
 35745 | Spider:3 | Killed Louise
 36281 | Spider:3 | Noticed Arachne
 36286 | Spider:3 | Killed Arachne
 36287 | Spider:3 | Gained Blodwig as an ally
 36297 | Spider:3 | Gained Learuk as an ally
 36299 | Spider:3 | Gained Worak as an ally
 36318 | Spider:3 | Reached skill level 15 in Shields
 36921 | Spider:3 | Gained Warbeogh as an ally
 37437 | Spider:4 | Entered Level 4 of the Spider Nest
 37437 | Spider:4 | Noticed Asterion
 37743 | Spider:3 | Killed Asterion
 38462 | D:10     | Bought a pair of glowing boots for 247 gold pieces
 39061 | Spider:4 | Reached XP level 18. HP: 173/173 MP: 30/30
 39310 | Spider:4 | Your ally Learuk died
 39471 | Spider:4 | Paralysed by a hornet for 1 turns
 39637 | Spider:4 | Gained Bogbarth as an ally
 39946 | Spider:4 | Got a polished buckler
 39957 | Spider:4 | Identified the cursed +0 buckler "Exipsor" {-Cast rElec rN+++ Slay-3} (You found it on level 4 of the Spider Nest)
 39999 | Spider:4 | Your ally Bogbarth died
 40398 | Spider:4 | Got a gossamer rune of Zot
 40747 | D:14     | Found a frozen archway.
 40770 | IceCv    | Entered an ice cave
 40837 | IceCv    | Gained Worak as an ally
 41088 | IceCv    | Got a faintly glowing copper ring
 41092 | IceCv    | Identified the ring "Perow" {Dex+4 SInv} (You found it in an ice cave)
 41884 | D:14     | Found a shattered altar of Ashenzari.
 42186 | D:15     | Entered Level 15 of the Dungeon
 42255 | D:15     | Found a labyrinth entrance.
 42307 | Lab      | Entered a labyrinth
 43033 | Lab      | Identified the Disquisition on Hurtful Dark Rituals
 43033 | Lab      | Identified the Compendium of Mana
 43034 | Lab      | Got a twitching steel ring
 43633 | D:15     | Found a staircase to the Depths.
 44130 | Vaults:1 | Entered Level 1 of the Vaults
 44253 | Vaults:1 | Your ally Worak died
 44374 | Vaults:1 | Gained Hawl as an ally
 46108 | Vaults:1 | Reached XP level 19. HP: 181/183 MP: 28/31
 47017 | Vaults:2 | Found Fuxu's Book Shoppe.
 47639 | Vaults:2 | Your ally Oreg died
 47669 | Vaults:2 | Found a staircase to the Crypt.
 47704 | Vaults:2 | Identified the ring of Vuru {*Slow rF+ Slay+2 Stlth+} (You found it in a labyrinth)
 48984 | Vaults:3 | Found Zejaeh's Distillery.
 48987 | Vaults:3 | Bought a potion of curing for 45 gold pieces
 48987 | Vaults:3 | Bought a potion of cancellation for 120 gold pieces
 48987 | Vaults:3 | Bought a potion of curing for 45 gold pieces
 48987 | Vaults:3 | Bought 2 potions of heal wounds for 150 gold pieces
 48987 | Vaults:3 | Bought a potion of cancellation for 120 gold pieces
 49000 | Vaults:3 | Reached XP level 20. HP: 193/193 MP: 33/33
 49469 | Vaults:3 | Gained Ognian as an ally
 49471 | Vaults:3 | Found a roughly hewn altar of Beogh.
 49471 | Vaults:3 | Your ally Ognian died
 49472 | Vaults:3 | Gained Bladwarg as an ally
 49479 | Vaults:3 | Gained Berold as an ally
 50804 | Vaults:4 | Noticed Jory
 51164 | Vaults:4 | Reached XP level 21. HP: 166/201 MP: 32/34
 51361 | Vaults:4 | Noticed Frederick
 51371 | Vaults:4 | Killed Frederick
 51691 | Vaults:4 | Killed Jory
 52566 | Depths:1 | Entered Level 1 of the Depths
 52632 | Depths:1 | Your ally Hawl died
 52634 | Depths:1 | Your ally Berold died
 52686 | Depths:1 | Found a gateway to Hell.
 52735 | Depths:1 | Reached skill level 5 in Dodging
 52762 | Depths:1 | Found a magical portal.
 52771 | WizLab   | Entered Lehudib's Moon Base
 54576 | WizLab   | Found a transporter.
 54848 | WizLab   | Gained Grimold as an ally
 54946 | WizLab   | Your ally Grimold died
 55242 | WizLab   | Killed from afar by a moon troll

Vault maps used:
D:1:      dpeg_arrival_simpleton_c
D:2:      elyvilon_altar_4, old_standard_altar, marbit_many_paths
D:3:      okawaru_altar_gauntlet_db, minivault_25, minmay_strange_pillars,
          st_stairs_5
D:4:      temple_statues, enter_ossuary_4
D:5:      kennysheep_mini_moat, first_ration, kennysheep_generic_room_11
D:6:      grunt_temple_overflow_open, kennysheep_generic_room_8, uniq_grinder
D:7:      gammafunk_ghost_icy, grunt_ogre_cave
D:8:      basic_altar
D:9:      tso_oasis_becter, due_lair_maze_entry_diamond
D:10:     serial_shops, nicolae_shop_overgrown_old_shop, st_stairs_6,
          nicolae_zen_rock_garden, dk_rats_in_the_wall
D:11:     david_orc_3
D:12:     minmay_strange_plus, minmay_misc_feat_nine_boxes, tgw_sif
D:13:     grunt_vaults_entry_fortified, special_room
D:14:     portal_ice_cave_entry_pillars_1, serial_glass, glass_columns_c,
          glass_columns_a, grunt_decor_fettered, ashenzari_altar_1
D:15:     gammafunk_enter_depths_forms, lab_entry_generic
Temple:   grunt_temple_mini_profane
Lair:1:   grunt_forest_small_clearing_treed
Lair:2:   lemuel_centaur_altar, minmay_lair_oklob_chamber, lemuel_fruit_tree,
          uniq_nergalle
Lair:3:   uniq_rupert
Lair:4:   swamp_mist, spider_nest_entry_web_field, st_stairs_12
Lair:5:   cheibrodos_magma_flow, beast_lair_carwin_3, infiniplex_staircase_pool
Lair:6:   cheibrodos_lair_end_hotspot, dpeg_slime_entry_enclosed_altar,
          basic_altar
Swamp:1:  hangedman_swamp_cone, uniq_donald, uniq_josephine, uniq_aizul
Swamp:2:  evilmike_swamp_ruin_house_6, uniq_frances
Swamp:3:  serial_swamp_ruin, evilmike_swamp_ruin_house_5,
          evilmike_swamp_ruin_rubble_1, swamp_pool4, uniq_nikola
Swamp:4:  swamp_vile
Spider:3: uniq_arachne, uniq_louise
Spider:4: guppyfry_spider_rune, uniq_asterion
Orc:1:    gammafunk_ghost_cemetery
Orc:2:    st_orc_mages, mines4_lemuel
Vaults:1: nicolae_vaults_big_ls, v_misc_33, v_misc_12, v_misc_22,
          ontoclasm_vaults_idyll, v_misc_27, ontoclasm_vaults_ring_small,
          v_misc_23, grunt_vaults_diagonal, hangedman_vaults_stretched_pinwheel
Vaults:2: minmay_crypt_entry_simple_round, v_pattern_3,
          nicolae_vaults_back_hallway, hangedman_vaults_stretched_pinwheel,
          vaults_room_door_ring, v_misc_1, hangedman_vaults_variations,
          hangedman_vaults_stitches, nicolae_vaults_quartermaster,
          nicolae_vaults_specimen_jars, vaults_room_mumra_shop_pool,
          ontoclasm_vaults_gateway, hangedman_vaults_hat,
          nicolae_vaults_mini_display_case
Vaults:3: nicolae_vaults_three_branches, dpeg_vaults_monster_box, v_rooms_3,
          nicolae_vaults_diagonal_hallway_8, special_room_vaults, v_misc_25,
          v_misc_12, v_misc_17, ontoclasm_vaults_loading_screen,
          vaults_room_fours, v_pattern_2, serial_shops,
          nicolae_shop_behind_doors
Vaults:4: vaults_room_corners, ontoclasm_vaults_ring_small,
          ontoclasm_vaults_twist, v_misc_22, nicolae_vaults_big_angled_halls,
          nicolae_vaults_little_squares_4, vaults_mumra_minichess,
          hangedman_vaults_stretched_pinwheel, vaults_room_corners, v_misc_26,
          v_misc_13, vaults_room_pool, ontoclasm_vaults_shuriken, v_misc_10,
          nicolae_vaults_alarming, uniq_jory, uniq_frederick
Depths:1: hell_entry, dk_noncrumbling_4, mu_enter_wizlab_3,
          hangedman_abyss_or_decor_jellyfish_corner, minivault_22,
          minmay_guarded_unrand_robustness
Lab:      nicolae_lab_swirl, nicolae_lab_hexagon
Ossuary:  ossuary_the_hunt_dpeg
IceCv:    ice_cave_small_dragons
WizLab:   wizlab_lehudib

Skill      XL: |  1  2  3  4  5  6  7  8  9 10 11 12 13 14 15 16 17 18 19 20 21 |
---------------+----------------------------------------------------------------+-----
Fighting       | 4 5 6 7 8 9 10 11 12 13 14 15 16 17 18 19 20 | 20.9
Axes           | 5 6 7 9 10 11 12 13 14 15 16 17 | 17.8
Armour         | 4 7 10 12 13 15 16 17 18 | 18.0
Invocations    | 3 6 9 11 13 15 16 17 19 20 | 20.3
Shields        | 5 6 10 13 15 16 17 | 17.0
Dodging        | 7 |  7.3
Stealth        | |  1.5

Action                   |  1- 3 |  4- 6 |  7- 9 | 10-12 | 13-15 | 16-18 | 19-21 || total
-------------------------+-------+-------+-------+-------+-------+-------+-------++-------
Melee: Hand axe          |   135 |   236 |   229 |       |       |       |       ||   600
       War axe           |       |       |    99 |   385 |   845 |  1387 |   822 ||  3538
Throw: Tomahawk          |       |     3 |       |       |       |       |       ||     3
       Stone             |       |       |       |       |       |     3 |       ||     3
Invok: Convert to Beogh  |       |       |     1 |       |       |       |       ||     1
       Recall Orcish Fol |       |       |       |    13 |    64 |    58 |    37 ||   172
       Smiting           |       |       |       |     6 |     6 |    35 |     2 ||    49
       Give Item to Name |       |       |       |     1 |     2 |     5 |     2 ||    10
       Stop Recall       |       |       |       |       |     1 |     1 |     3 ||     5
Evoke: Wand              |       |       |     5 |     4 |    10 |    17 |       ||    36
       Phantom mirror    |       |       |       |       |     1 |       |       ||     1
       Lightning rod     |       |       |       |       |       |     1 |       ||     1
  Use: Potion            |       |     1 |     1 |       |     2 |     6 |     7 ||    17
       Scroll            |       |       |    17 |     9 |     6 |    13 |     8 ||    53
 Stab: Sleeping          |     1 |       |     1 |       |       |       |       ||     2
       Paralysed         |       |       |    14 |       |     5 |     2 |       ||    21
       Distracted        |       |       |       |     6 |    14 |    18 |    12 ||    50
       Invisible         |       |       |       |       |       |     5 |       ||     5
  Eat: Chunk             |     3 |     9 |    10 |    21 |    34 |    21 |    16 ||   114
       Ration            |       |       |     2 |       |     2 |    11 |     4 ||    19
Armor: Ring mail         |    41 |    86 |   110 |    13 |       |       |       ||   250
       Plate armour      |       |       |       |   226 |   470 |   805 |   234 ||  1735
Dodge: Dodged            |    92 |   155 |   146 |   142 |   249 |   373 |   158 ||  1315
Block: Buckler           |       |       |       |    13 |   169 |       |       ||   182
       Shield            |       |       |       |       |    45 |   857 |   364 ||  1266

Table legend:
 A = Spawn XP
 B = Non-spawn XP
 C = Spawn XP percentage of total XP
 D = Spawn monster count
 E = Non-spawn monster count
 F = Spawn count percentage of total count
 G = Total turns spent on level
                    A         B        C        D         E        F      G
               +---------+---------+-------+---------+---------+-------+---------
         Total |    6847 |  495968 |   1.4 |      14 |    1446 |   1.0 | 55242
               +---------+---------+-------+---------+---------+-------+---------
           D:1 |       0 |      36 |   0.0 |       0 |      19 |   0.0 |   971
           D:2 |       0 |      43 |   0.0 |       0 |      11 |   0.0 |  1001
           D:3 |       0 |     142 |   0.0 |       0 |      25 |   0.0 |   728
           D:4 |       0 |     167 |   0.0 |       0 |      18 |   0.0 |  1223
           D:5 |       0 |     387 |   0.0 |       0 |      15 |   0.0 |  1276
           D:6 |       0 |     962 |   0.0 |       0 |      16 |   0.0 |  1210
           D:7 |       0 |    1557 |   0.0 |       0 |      24 |   0.0 |  1853
           D:8 |       0 |     877 |   0.0 |       0 |      23 |   0.0 |  1181
           D:9 |       0 |    2069 |   0.0 |       0 |      29 |   0.0 |  1657
          D:10 |       0 |    1657 |   0.0 |       0 |      50 |   0.0 |  1125
          D:11 |       0 |    5651 |   0.0 |       0 |      38 |   0.0 |  1188
          D:12 |       0 |   13782 |   0.0 |       0 |      39 |   0.0 |  1657
          D:13 |       0 |   11406 |   0.0 |       0 |      37 |   0.0 |  1362
          D:14 |       0 |    5795 |   0.0 |       0 |      23 |   0.0 |   846
          D:15 |       0 |   11018 |   0.0 |       0 |      38 |   0.0 |  1162
        Lair:1 |       0 |    3258 |   0.0 |       0 |      16 |   0.0 |  1142
        Lair:2 |       0 |    3417 |   0.0 |       0 |      14 |   0.0 |  1098
        Lair:3 |       0 |    5995 |   0.0 |       0 |      16 |   0.0 |  1283
        Lair:4 |       0 |    5484 |   0.0 |       0 |      30 |   0.0 |  1536
        Lair:5 |       0 |    9173 |   0.0 |       0 |      38 |   0.0 |  1114
        Lair:6 |       0 |   13219 |   0.0 |       0 |      58 |   0.0 |  1562
       Swamp:1 |       0 |   16681 |   0.0 |       0 |      47 |   0.0 |  1835
       Swamp:2 |       0 |   10497 |   0.0 |       0 |      36 |   0.0 |  1529
       Swamp:3 |       0 |   16952 |   0.0 |       0 |      34 |   0.0 |  1623
       Swamp:4 |       0 |   27573 |   0.0 |       0 |      65 |   0.0 |  2577
      Spider:1 |       0 |   13814 |   0.0 |       0 |      57 |   0.0 |  1739
      Spider:2 |       0 |   13110 |   0.0 |       0 |      49 |   0.0 |  1807
      Spider:3 |       0 |   21027 |   0.0 |       0 |      50 |   0.0 |  1388
      Spider:4 |       0 |   28622 |   0.0 |       0 |      66 |   0.0 |  2150
         Orc:1 |       0 |    3627 |   0.0 |       0 |      12 |   0.0 |   697
         Orc:2 |       0 |    5766 |   0.0 |       0 |      45 |   0.0 |  1118
      Vaults:1 |       0 |   34981 |   0.0 |       0 |      75 |   0.0 |  2368
      Vaults:2 |       0 |   41613 |   0.0 |       0 |      91 |   0.0 |  2892
      Vaults:3 |       0 |   39570 |   0.0 |       0 |      70 |   0.0 |  1766
      Vaults:4 |       0 |   24496 |   0.0 |       0 |      40 |   0.0 |  1129
      Depths:1 |       0 |   22657 |   0.0 |       0 |      39 |   0.0 |   205
       Abyss:3 |    6847 |   16066 |  29.9 |      14 |       9 |  60.9 |   370
           Lab |       0 |    3483 |   0.0 |       0 |       8 |   0.0 |   735
         IceCv |       0 |    5038 |   0.0 |       0 |      20 |   0.0 |   460
        WizLab |       0 |   54300 |   0.0 |       0 |      56 |   0.0 |  2471
               +---------+---------+-------+---------+---------+-------+---------
